 Dungeon Crawl Stone Soup version 0.28-b1-25-g9875b3fc8c (webtiles) character file.

Game seed: 4839577486062791974

2175 pkoi the Cleaver (level 9, -4/73 HPs)
             Began as a Minotaur Gladiator on Feb 1, 2022.
             Was an Initiate of Makhleb.
             Slain by a seven-headed hydra (8 damage)
             ... on level 7 of the Dungeon.
             The game lasted 00:04:40 (5133 turns).

pkoi the Cleaver (Minotaur Gladiator)               Turns: 5133, Time: 00:04:41

Health: -4/73      AC: 14    Str: 29    XL:     9   Next: 11%
Magic:  19/19      EV: 12    Int:  5    God:    Makhleb [......]
Gold:   285        SH:  0    Dex: 17    Spells: 8/8 levels left

rFire   . . .      SeeInvis .   a - +1 war axe
rCold   . . .      Faith    .   (no shield)
rNeg    . . .      Spirit   .   p - +5 ring mail of Resonant Life {Str+5}
rPois   .          Reflect  .   c - +1 hat
rElec   .          Harm     .   z - +0 cloak
rCorr   .          Rampage  .   (no gloves)
Will    .....                   y - +0 pair of boots
Stlth   +.........              (no amulet)
HPRegen 0.22/turn               i - ring of magical power
MPRegen 0.16/turn               h - +6 ring of dexterity

@: on berserk cooldown
A: horns 2, retaliatory headbutt
a: Renounce Religion


You were on level 7 of the Dungeon.
You worshipped Makhleb.
Makhleb was noncommittal.
You visited 1 branch of the dungeon, and saw 7 of its levels.

You collected 285 gold pieces.

Inventory:

Hand Weapons
 a - a +1 war axe (weapon)
Missiles
 d - 3 throwing nets (quivered)
 g - 5 curare-tipped darts
Armour
 b - a +0 leather armour
 c - a +1 hat (worn)
 p - the +5 ring mail of Resonant Life (worn) {Str+5}
   (You found it on level 2 of the Dungeon)

   Str:       It affects your strength (+5).
 y - a +0 pair of boots (worn)
 z - a +0 cloak (worn)
Jewellery
 e - a ring of fire
 h - a +6 ring of dexterity (right hand)
 i - a ring of magical power (left hand)
 j - a ring of protection from fire
 n - a ring of ice
Wands
 f - a wand of flame (22)
 B - a wand of iceblast (4)
Scrolls
 l - 6 scrolls of identify
 m - a scroll of enchant weapon
 w - a scroll of enchant armour
 x - 2 scrolls of teleportation
Potions
 k - 2 potions of brilliance
 o - a potion of resistance
 q - a potion of invisibility
 r - a potion of cancellation
 t - 2 potions of haste
 v - a potion of flight


   Skills:
 + Level 4.8 Fighting
 * Level 12.2 Axes
 - Level 2.0 Throwing
 + Level 4.0 Armour
 - Level 3.2 Dodging
 + Level 3.1 Invocations
 + Level 2.8 Evocations


You had 8 spell levels left.
You didn't know any spells.
Your spell library contained the following spells:

 Spells                   Type           Power      Damage    Failure   Level
 Dazzling Flash           Conj/Hex       0%         N/A       92%         3
 Iskenderun's Mystic Bla  Conj/Tloc      0%         2d3       100%        4
 Starburst                Conj/Fire      0%         6d3       100%        6


Dungeon Overview and Level Annotations

Branches:
Dungeon (7/15)             Temple (0/1) D:6

Altars:
Ashenzari
Cheibriados
Dithmenos
Makhleb
Okawaru
Ru


Innate Abilities, Weirdness & Mutations

You have a pair of horns on your head.
You reflexively headbutt those who attack you in melee.


Message History

The seven-headed hydra bites you.
The seven-headed hydra closely misses you.
The seven-headed hydra bites you. The seven-headed hydra bites you!
The seven-headed hydra barely misses you. x2
Aiming: Throw Flame
Press: ? - help, Shift-Dir - straight line, f/p - seven-headed hydra
Aim: a seven-headed hydra (heavily wounded, 90% to hit)
The puff of flame hits the seven-headed hydra!
The seven-headed hydra is heavily wounded.
You feel yourself speed up.
The seven-headed hydra bites you but does no damage.
The seven-headed hydra bites you. The seven-headed hydra bites you!
The seven-headed hydra bites you.
The seven-headed hydra closely misses you. x2
The seven-headed hydra bites you. The seven-headed hydra misses you.
You furiously retaliate!
You headbutt the seven-headed hydra.
The seven-headed hydra bites you but does no damage.
The seven-headed hydra bites you. The seven-headed hydra bites you!
The seven-headed hydra bites you but does no damage. x2
The seven-headed hydra barely misses you.
Aiming: Throw Flame
Press: ? - help, Shift-Dir - straight line, f/p - seven-headed hydra
Aim: a seven-headed hydra (severely wounded, 90% to hit)
The puff of flame hits the seven-headed hydra!
The seven-headed hydra is severely wounded.
The seven-headed hydra bites you but does no damage. x2
The seven-headed hydra bites you. x2; The seven-headed hydra bites you!
* * * LOW HITPOINT WARNING * * *
The seven-headed hydra bites you but does no damage.
The seven-headed hydra bites you.
* * * LOW HITPOINT WARNING * * *
Aiming: Throw Flame
Press: ? - help, Shift-Dir - straight line, f/p - seven-headed hydra
Aim: a seven-headed hydra (severely wounded, 90% to hit)
The puff of flame hits the seven-headed hydra!
The seven-headed hydra is almost dead.
The seven-headed hydra bites you!
* * * LOW HITPOINT WARNING * * *
The seven-headed hydra bites you!
You die...

###.........##........
############........
##..####... ##..## ..
##..## . ########..##
.........##
........###
#.###.D@..# ##....#
##...# ##..# ..# ..#
..# .##


You could see a seven-headed hydra.

Vanquished Creatures
  Pikel (D:6)
  Sigmund (D:2)
  Duvessa (D:6)
  An ice beast (D:5)
  A sky beast (D:6)
  A necrophage (D:6)
  An ogre (D:4)
  A black bear (D:6)
  2 phantoms
  2 bullfrogs (D:6)
  A water moccasin zombie (D:6)
  Dowan (D:6)
  A scorpion (D:3)
  2 centaur zombies (D:7)
  2 hounds (D:6)
  An orc priest (D:6)
  2 scorpion zombies (D:5)
  4 iguanas (D:6)
  An orc wizard (D:4)
  2 killer bee zombies
  2 hound skeletons
  3 adders
  A shadow imp (D:5)
  A white imp (D:6)
  An ufetubus (D:6)
  An adder skeleton (D:4)
  2 worms (D:2)
  6 dart slugs
  21 orcs
  3 endoplasms
  4 giant cockroaches
  7 goblins
  9 hobgoblins
  8 jackals
  2 quokkas
  5 ball pythons
  9 bats
  A frilled lizard (D:1)
  6 kobolds
  10 rats
131 creatures vanquished.

Vanquished Creatures (others)
  9 plants (D:1)
9 creatures vanquished.

Grand Total: 140 creatures vanquished

Notes
Turn   | Place    | Note
-------+----------+-------------------------------------------
     0 | D:1      | pkoi the Minotaur Gladiator began the quest for the Orb.
     0 | D:1      | Reached XP level 1. HP: 18/18 MP: 0/0
   182 | D:1      | Reached skill level 4 in Axes
   251 | D:1      | Reached XP level 2. HP: 25/25 MP: 1/1
   850 | D:1      | Reached skill level 5 in Axes
   927 | D:1      | Reached XP level 3. HP: 29/30 MP: 2/2
   954 | D:1      | Found a faded altar of an unknown god.
  1538 | D:2      | Identified the +5 ring mail of Resonant Life {Str+5}
  1616 | D:2      | Noticed Sigmund
  1626 | D:2      | Killed Sigmund
  1627 | D:2      | Reached skill level 7 in Axes
  1627 | D:2      | Reached XP level 4. HP: 22/37 MP: 3/3
  1627 | D:2      | Reached XP level 5. HP: 25/42 MP: 4/4
  2140 | D:3      | Reached skill level 8 in Axes
  2271 | D:3      | Noticed a phantom
  2281 | D:3      | Killed a phantom
  2282 | D:3      | Reached XP level 6. HP: 30/50 MP: 5/5
  2731 | D:4      | Reached skill level 9 in Axes
  3021 | D:4      | Reached XP level 7. HP: 56/56 MP: 6/6
  3093 | D:4      | Reached skill level 10 in Axes
  3481 | D:5      | Entered Level 5 of the Dungeon
  3935 | D:5      | Found a burning altar of Makhleb.
  3940 | D:5      | Found a snail-covered altar of Cheibriados.
  3940 | D:5      | Found a shadowy altar of Dithmenos.
  3958 | D:5      | Became a worshipper of Makhleb the Destroyer
  3971 | D:5      | Found a sacrificial altar of Ru.
  3971 | D:5      | Found an iron altar of Okawaru.
  4185 | D:6      | Reached skill level 11 in Axes
  4185 | D:6      | Reached skill level 1 in Armour
  4228 | D:6      | Found a staircase to the Ecumenical Temple.
  4232 | D:6      | Reached skill level 1 in Invocations
  4232 | D:6      | Reached XP level 8. HP: 63/63 MP: 7/7
  4257 | D:6      | Found a broken altar of Ashenzari.
  4300 | D:6      | Reached skill level 1 in Evocations
  4598 | D:6      | Noticed Duvessa
  4599 | D:6      | Noticed Dowan
  4605 | D:6      | Killed Duvessa
  4615 | D:6      | Killed Dowan
  4719 | D:6      | Noticed Pikel
  4737 | D:6      | Killed Pikel
  4738 | D:6      | Reached skill level 12 in Axes
  4738 | D:6      | Reached XP level 9. HP: 41/72 MP: 10/10
  5127 | D:7      | Noticed a seven-headed hydra
  5133 | D:7      | Slain by a seven-headed hydra

Illustrated notes

Levels and vault maps discovered:
D:1:      roderic_crop_circles_arrival_small, layout_loops_corners,
          dilly_ecumenical_altar_fadedgnrine, minmay_misc_feat_rows,
          serial_bayou_pond_a, nrook_loot_triangle
D:2:      layout_rooms, uniq_sigmund
D:3:      layout_rooms
D:4:      layout_basic
D:5:      layout_cave_pools, minmay_overflow_temple_star_hex,
          grunt_decor_mini_mirrors
D:6:      layout_rooms, evilmike_ruin_ashenzari, temple_statues, st_stairs_1,
          hangedman_minor_gate_pass, uniq_duvessa, uniq_pikel
D:7:      minmay_the_grid_octo_2x2 [minmay_the_grid_octo_toaster,
          minmay_the_grid_octo_horde, minmay_the_grid_octo_pinwheel,
          minmay_the_grid_octo_prize_square_snowflake], layout_cave_pods,
          minmay_crystal_room

Skill      XL: |  1  2  3  4  5  6  7  8  9 |
---------------+----------------------------+-----
Axes           | 4 5 7 8 9 11 12 | 12.2
Armour         | 1 3 4 |  4.0
Fighting       | 3 4 |  4.8
Invocations    | 1 3 |  3.1
Evocations     | 2 |  2.8
Throwing       | |  2.0
Dodging        | |  3.2

Action                   |  1- 3 |  4- 6 |  7- 9 || total
-------------------------+-------+-------+-------++-------
Melee: War axe           |    88 |    84 |   143 ||   315
       Headbutt          |     7 |    15 |    36 ||    58
       Punch             |     2 |     1 |     4 ||     7
Evoke: Wand              |       |       |     6 ||     6
  Use: Scroll            |       |       |    12 ||    12
       Potion            |       |       |     6 ||     6
Armor: Leather armour    |    20 |       |       ||    20
       Ring mail         |     6 |    32 |    66 ||   104
Dodge: Dodged            |    46 |    35 |    99 ||   180
